 Dungeon Crawl Stone Soup version 0.26-a0-712-ga5a9c9c9d0 (webtiles) character file.

Game seed: 14469465748068298842

503 Apogee the Magician (level 7, -11/40 HPs)
             Began as a Kobold Wanderer on Nov 5, 2020.
             Mangled by Duvessa
             ... wielding a +0 rapier
              (13 damage)
             ... on level 5 of the Dungeon.
             The game lasted 00:14:01 (9676 turns).

Apogee the Magician (Kobold Wanderer)               Turns: 9676, Time: 00:14:02

Health: -11/40     AC:  3    Str: 15    XL:     7   Next: 40%
Magic:  6/13       EV: 13    Int: 15    God:
Gold:   255        SH:  0    Dex: 15    Spells: 10/14 levels left

rFire    + . .     SeeInvis .   a - +0 dagger
rCold    . . .     Faith    .   (shield restricted)
rNeg     . . .     Spirit   .   k - +0 leather armour
rPois    .         Reflect  .   (no helmet)
rElec    .         Harm     .   (no cloak)
rCorr    .         Rampage  .   (no gloves)
MR       .....                  (no boots)
Stlth    +++.......             (no amulet)
HPRegen  0.13/turn              i - ring of protection from fire
MPRegen  0.13/turn              q - +6 ring of strength

@: no status effects
A: small, nightstalker 3
a: no special abilities


You were on level 5 of the Dungeon.
You visited 1 branch of the dungeon, and saw 5 of its levels.

You collected 255 gold pieces.

Inventory:

Hand Weapons
 a - a +0 dagger (weapon)
Missiles
 m - 2 throwing nets (quivered) {!f}
Armour
 d - a +0 robe
 k - a +0 leather armour (worn)
   (You took it off a gnoll on level 1 of the Dungeon)
Jewellery
 i - a ring of protection from fire (left hand)
   (You found it on level 3 of the Dungeon)
 q - a +6 ring of strength (right hand)
   (You found it on level 3 of the Dungeon)
Scrolls
 b - 4 scrolls of teleportation {unknown}
 e - 5 scrolls of identify {unknown}
 n - 2 scrolls of enchant weapon {unknown}
 o - a scroll of enchant armour {unknown}
 r - 3 scrolls of remove curse {unknown}
Potions
 c - 3 potions of stabbing {unknown}
 f - 2 potions of haste {unknown}
 g - a potion of degeneration {unknown}
 h - a potion of invisibility {unknown}
 j - a potion of flight {unknown}
 l - a potion of resistance {unknown}
 p - 3 potions of curing {@q1}
 s - 2 potions of lignification {unknown}


   Skills:
 + Level 2.2 Fighting
 + Level 2.7 Short Blades
 - Level 2.1 Throwing
 + Level 3.1 Stealth
 - Level 4.0 Spellcasting
 - Level 4.0 Conjurations
 - Level 4.0 Summonings
 - Level 1.0 Translocations
   Level 1.0 Transmutations


You had 10 spell levels left.
You knew the following spells:

 Your Spells              Type           Power        Failure   Level
a - Magic Dart            Conj           ###.         4%          1
c - Apportation           Tloc           #.....       14%         1
x - Call Imp              Summ           ###.....     6%          2

Your spell library contained the following spells:

 Spells                   Type           Power        Failure   Level
 Beastly Appendage        Tmut           #.....       14%         1
 Blink                    Tloc           N/A          22%         2
 Conjure Flame            Conj/Fire      #.......     28%         3
 Slow                     Hex            #.......     32%         2
 Mephitic Cloud           Conj/Pois/Air  #.......     36%         3
 Gell's Gravitas          Tloc           #.........   41%         3
 Spider Form              Tmut/Pois      #.........   47%         3


Dungeon Overview and Level Annotations

Branches:
Dungeon (5/15)
 Temple: D:4-7

Altars:
Elyvilon
Okawaru
Qazlal
The Shining One

Annotations:
D:4 exclusion: ogre
D:5 Duvessa


Innate Abilities, Weirdness & Mutations

You are small and have problems with some larger weapons.
You are completely attuned to the shadows.


Message History

There is an open door here.
Duvessa goes berserk!
Duvessa is nearby!
Duvessa is nearby!
Duvessa is nearby!
Okay, then.
A beastly little devil appears in a puff of flame.
A beastly little devil appears in a puff of flame.
Duvessa hits you but does no damage. Duvessa closely misses you.
Duvessa hits your crimson imp with a +0 rapier!
Your crimson imp completely misses Duvessa.
A worker ant comes into view.
Your crimson imp blinks!
A beastly little devil appears in a puff of frigid air.
Duvessa hits your crimson imp but does no damage.
Your crimson imp blinks!
Duvessa hits you with a +0 rapier!
Your white imp closely misses Duvessa.
You open the door.
The worker ant bites your white imp but does no damage.
Duvessa misses you.
Your crimson imp hits Duvessa but does no damage.
Your white imp barely misses Duvessa.
Your crimson imp blinks!
The worker ant bites your white imp but does no damage.
There is an open door here.
A beastly little devil appears in a puff of frigid air.
Duvessa hits you with a +0 rapier. The worker ant bites your crimson imp.
Duvessa closely misses you.
The worker ant waves its antennae.
The worker ant bites your crimson imp!
The worker ant waves its antennae.
The worker ant bites your crimson imp.
Your crimson imp dies!
Duvessa rages.
Duvessa hits you with a +0 rapier!
* * * LOW HITPOINT WARNING * * *
Your white imp gestures at Duvessa.
The puff of frost hits Duvessa!
You open the door.
Duvessa hits your white imp with a +0 rapier.
Your white imp barely misses Duvessa.
You hit Duvessa but do no damage. Duvessa hits you with a +0 rapier!
* * * LOW HITPOINT WARNING * * *
The worker ant barely misses your white imp.
Duvessa barely misses you.
Your white imp hits Duvessa but does no damage.
There is an open door here.
You hit Duvessa but do no damage. The worker ant misses your white imp.
Duvessa hits you with a +0 rapier!
You die...

#.....#.....
#...†.####'#
#...).#....e
#.....#..... .#
#.....######
#######.####....#..#..
#....#.... #....#..#..
#....#.... #....'..#..
#..5e@.... #....#..#..
..##B#########....####..
#...§............##.####
#................'...#|.
#..B.............#...#..
#................#...#..
#..........).....#.#####
###'###'##....##.#....
......'..5.#..'....


You could see Duvessa (berserk), a worker ant and a friendly white imp
(summoned).

Vanquished Creatures
  An orc wizard (D:4)
  A hound (D:2)
  A centaur skeleton (D:5)
  A hound skeleton (D:4)
  2 gnolls
  7 adders
  A shadow imp (D:4)
  2 oozes
  An adder skeleton (D:5)
  4 worms
  5 dart slugs
  4 leopard geckos
  7 orcs
  A ball python (D:3)
  7 giant cockroaches
  7 goblins (D:1)
  8 hobgoblins
  5 jackals
  7 quokkas
  10 bats
  11 frilled lizards
  5 kobolds
  5 rats
103 creatures vanquished.

Vanquished Creatures (collateral kills)
  A bullfrog (D:3)
  Dowan (D:5)
  An orc priest (D:4)
  A hound (D:4)
  An iguana (D:5)
  A worker ant (D:4)
  2 gnolls (D:2)
  2 adders
  3 worms
  3 orcs
  2 jackals (D:5)
  A ball python (D:3)
  A rat (D:2)
20 creatures vanquished.

Vanquished Creatures (others)
  20 plants (D:2)
20 creatures vanquished.

Grand Total: 143 creatures vanquished

Notes
Turn   | Place    | Note
-------+----------+-------------------------------------------
     0 | D:1      | Apogee the Kobold Wanderer began the quest for the Orb.
     0 | D:1      | Apogee set off with the following items: a +0 dagger, a +0
                  | robe; and the following spells available to memorise: Magic
                  | Dart, Apportation, Beastly Appendage, Call Imp, Blink,
                  | Slow, Conjure Flame, Gell's Gravitas, Mephitic Cloud,
                  | Spider Form
     0 | D:1      | Reached XP level 1. HP: 10/10 MP: 3/3
     2 | D:1      | Learned a level 1 spell: Magic Dart
   609 | D:1      | Reached XP level 2. HP: 15/15 MP: 1/5
  1416 | D:1      | Reached XP level 3. HP: 19/19 MP: 4/7
  1724 | D:1      | Learned a level 2 spell: Call Imp
  2806 | D:2      | Reached XP level 4. HP: 24/24 MP: 4/8
  2842 | D:2      | Found an iron altar of Okawaru.
  3080 | D:2      | Reached XP level 5. HP: 10/28 MP: 0/10
  4134 | D:2      | Found a white marble altar of Elyvilon.
  4553 | D:2      | Found a glowing golden altar of the Shining One.
  5358 | D:3      | Learned a level 1 spell: Apportation
  5717 | D:3      | Noticed a bullfrog
  5724 | D:3      | Killed a bullfrog
  5724 | D:3      | Reached XP level 6. HP: 32/32 MP: 7/12
  7113 | D:4      | Noticed an ogre
  7952 | D:4      | Reached skill level 1 in Short Blades
  7952 | D:4      | Reached skill level 1 in Stealth
  8158 | D:4      | Reached skill level 1 in Fighting
  8351 | D:4      | Reached XP level 7. HP: 16/38 MP: 2/13
  8676 | D:5      | Entered Level 5 of the Dungeon
  8921 | D:5      | Noticed Dowan
  8922 | D:5      | Noticed Duvessa
  9105 | D:5      | Killed Dowan
  9433 | D:5      | Found a stormy altar of Qazlal.
  9433 | D:5      | Noticed an air elemental
  9433 | D:5      | Noticed a water elemental
  9674 | D:5      | HP: 2/40 [Duvessa/+0 rapier (16)]
  9676 | D:5      | Mangled by Duvessa

Illustrated notes

Levels and vault maps discovered:
D:1:      mainiacjoe_arrival_reflecting_pool, layout_basic,
          minmay_small_reverse_x
D:2:      layout_loops_cross, lemuel_crystal_altar, lemuel_doored_altar,
          old_standard_altar, serial_forest, infiniplex_forest_clump_C,
          infiniplex_forest_3_way, infiniplex_forest_clump_curved,
          infiniplex_forest_lined_ring, infiniplex_forest_clump_diagonal,
          infiniplex_forest_straight_4, infiniplex_forest_end_1,
          infiniplex_forest_clump_C
D:3:      minmay_wonky_spiral, layout_loops_corners
D:4:      layout_basic
D:5:      layout_gridville, nicolae_qazlal_style_of_elements,
          lemuel_zombie_altar_yredelemnul, st_stairs_13, uniq_duvessa

Skill      XL: |  1  2  3  4  5  6  7 |
---------------+----------------------+-----
Spellcasting   | 3 4 |  4.0
Conjurations   | 3 4 |  4.0
Summonings     | 3 4 |  4.0
Short Blades   | 1 2 |  2.7
Stealth        | 2 3 |  3.1
Fighting       | 1 2 |  2.2
Throwing       | |  2.1
Translocations | |  1.0
Transmutations | |  1.0

Action                   |  1- 3 |  4- 6 |  7- 9 || total
-------------------------+-------+-------+-------++-------
Melee: Dagger            |    37 |   132 |    39 ||   208
 Cast: Magic Dart        |    85 |   174 |    28 ||   287
       Call Imp          |       |    22 |    22 ||    44
 Stab: Sleeping          |       |     4 |     3 ||     7
       Distracted        |       |       |     2 ||     2
Armor: Robe              |     6 |     1 |       ||     7
       Leather armour    |       |    33 |     8 ||    41
Dodge: Dodged            |    41 |   147 |    25 ||   213

Table legend: (Time is in decaauts)
 A = Elapsed time spent in this place.
 B = Non-inter-level travel time spent in this place.
 C = Inter-level travel time spent in this place.
 D = Time resting spent in this place.
 E = Time spent auto-exploring this place.
 F = Levels seen in this place.
 G = Mean time per level.
                   A        B        C        D        E       F      G
               +--------+--------+--------+--------+--------+-----+--------+
         Total |   9677 |   9390 |    287 |   1502 |   6686 |   5 | 1935.4 |
       Dungeon |   9677 |   9390 |    287 |   1502 |   6686 |   5 | 1935.4 |
               +--------+--------+--------+--------+--------+-----+--------+

Top non-repeatable levels by time:
     D:1: 2890 daAuts
     D:2: 2028 daAuts
     D:4: 2021 daAuts
     D:3: 1996 daAuts
     D:5: 740 daAuts
